General information
- name: BNet
- type: Ladder team game (AT/RT)
- host: Battle.net
- saver: bannedfromwc3
map: MarketSquare
- players: 8
- length: 32:54
- speed: Fast
- version: 1.26 W3XP
- replay type: Public
» download(245 KB)
Players
team 1 (loser)
FraGmE (
purple | 54 APM | 1786 actions | 32:53)
7 Demon Hunter
3 Mana Burn
3 Evasion
1 Metamorphosis
5 Keeper of the Grove
3 Entangling Roots
2 Thorns Aura
2 Warden
1 Shadow Strike
1 Fan of Knives
2 Crypt Lord
1 Spiked Carapace
1 Carrion Beetles
1 Mountain King
1 Avatar
1 Paladin
1 Holy Light
» actions
| Assign group hotkey | 26 | |
| Build / train | 86 | |
| Enter build submenu | 17 | |
| Enter hero's abilities submenu | 18 | |
| Give item / drop item | 1 | |
| Remove unit from queue | 4 | |
| Right click | 620 | |
| Select / deselect | 294 | |
| Select group hotkey | 613 | |
| Use ability | 107 | |
1786 total
» units
| Wisp | 17 | |
| Archer | 6 | |
| Huntress | 5 | |
| Dryad | 8 | |
| Druid of the Claw | 3 | |
| Acolyte | 1 | |
40 total
» upgrades
| Reinforced Hides | 3 | |
| Strength of the Wild | 2 | |
| Improved Bows | 0 | |
| Abolish Magic | 1 | |
| Druid of the Claw Training | 2 | |
| Nature's Blessing | 1 | |
| Mark of the Claw | 1 | |
10 total
» buildings
| Moon Well | 6 | |
| Altar of Elders | 1 | |
| Ancient of War | 1 | |
| Hunter's Hall | 1 | |
| Ancient Protector | 3 | |
| Tree of Ages | 1 | |
| Ancient of Lore | 2 | |
| Ancient of Wonders | 1 | |
| Tree of Eternity | 1 | |
17 total
» build order
00:08 Moon Well
00:10 Altar of Elders
00:46 Ancient of War
01:27 Moon Well
01:47 Moon Well
02:22 Hunter's Hall
03:29 Ancient Protector
03:39 Ancient Protector
03:45 Ancient Protector
04:52 Tree of Ages
07:09 Moon Well
07:41 Ancient of Lore
07:48 Ancient of Lore
08:15 Moon Well
09:36 Moon Well
11:57 Ancient of Wonders
13:01 Tree of Eternity
» items
| Boots of Speed | 1 | |
| Scroll of Town Portal | 3 | |
| Scroll of Healing | 1 | |
| Potion of Healing | 1 | |
6 total

»
PaperTowelz (
blue | 60 APM | 1512 actions | 25:09)
3 Crypt Lord
2 Carrion Beetles
1 Spiked Carapace
» actions
| Assign group hotkey | 19 | |
| Basic commands | 137 | |
| Build / train | 77 | |
| Enter build submenu | 22 | |
| Enter hero's abilities submenu | 3 | |
| Right click | 428 | |
| Select / deselect | 567 | |
| Select group hotkey | 226 | |
| Use ability | 33 | |
1512 total
» units
| Acolyte | 18 | |
| Ghoul | 4 | |
| Crypt Fiend | 6 | |
| Frost Wyrm | 5 | |
| Gargoyle | 14 | |
47 total
» upgrades
| Web | 1 | |
| Creature Attack | 3 | |
| Freezing Breath | 1 | |
| Creature Carapace | 3 | |
8 total
» buildings
| Ziggurat | 10 | |
| Crypt | 2 | |
| Altar of Darkness | 1 | |
| Graveyard | 1 | |
| Nerubian Tower | 1 | |
| Halls of the Dead | 3 | |
| Black Citadel | 2 | |
| Necropolis | 1 | |
| Tomb of Relics | 1 | |
| Sacrificial Pit | 1 | |
| Spirit Tower | 6 | |
| Boneyard | 3 | |
32 total
» build order
00:09 Ziggurat
00:14 Crypt
00:35 Altar of Darkness
00:59 Graveyard
01:13 Ziggurat
01:46 Nerubian Tower
02:42 Halls of the Dead
02:42 Halls of the Dead
03:51 Ziggurat
07:10 Ziggurat
07:25 Black Citadel
08:20 Ziggurat
08:22 Ziggurat
08:26 Ziggurat
08:32 Necropolis
08:35 Ziggurat
08:51 Tomb of Relics
09:00 Sacrificial Pit
09:25 Spirit Tower
09:30 Spirit Tower
09:31 Spirit Tower
10:18 Boneyard
10:22 Boneyard
10:26 Boneyard
11:10 Halls of the Dead
14:12 Spirit Tower
17:25 Crypt
17:38 Black Citadel
21:09 Ziggurat
21:12 Ziggurat
22:17 Spirit Tower
» items
| Scroll of Town Portal | 2 | |
| Orb of Corruption | 1 | |
3 total
PimpleFace (
teal | 43 APM | 1077 actions | 25:13)
4 Archmage
2 Summon Water Elemental
2 Brilliance Aura
» actions
| Basic commands | 543 | |
| Build / train | 84 | |
| ESC pressed | 4 | |
| Enter build submenu | 26 | |
| Enter hero's abilities submenu | 4 | |
| Remove unit from queue | 4 | |
| Right click | 3 | |
| Select / deselect | 350 | |
| Use ability | 59 | |
1077 total
» units
| Peasant | 21 | |
| Footman | 5 | |
| Sorceress | 3 | |
| Mortar Team | 5 | |
| Flying Machine | 25 | |
59 total
» upgrades
| Masonry | 3 | |
| Gunpowder | 1 | |
| Sorceress Training | 2 | |
| Fragmentation Shards | 2 | |
| Flak Cannons | 1 | |
| Plating | 2 | |
| Magic Sentry | 1 | |
12 total
» buildings
| Altar of Kings | 1 | |
| Farm | 9 | |
| Barracks | 1 | |
| Scout Tower | 4 | |
| Arcane Tower | 1 | |
| Keep | 1 | |
| Town Hall | 2 | |
| Blacksmith | 1 | |
| Lumber Mill | 1 | |
| Castle | 1 | |
| Arcane Sanctum | 1 | |
| Workshop | 2 | |
| Guard Tower | 1 | |
| Arcane Vault | 1 | |
27 total
» build order
00:37 Altar of Kings
00:53 Farm
00:59 Farm
01:10 Barracks
01:39 Farm
01:59 Farm
02:11 Farm
02:52 Scout Tower
03:26 Arcane Tower
04:22 Keep
04:47 Town Hall
06:32 Blacksmith
06:36 Lumber Mill
07:35 Castle
07:38 Arcane Sanctum
07:45 Farm
07:58 Workshop
08:01 Workshop
08:33 Farm
09:17 Scout Tower
09:31 Scout Tower
09:48 Guard Tower
10:03 Arcane Tower
11:03 Arcane Vault
12:13 Farm
13:19 Farm
16:34 Town Hall
21:37 Scout Tower
» items
| Scroll of Town Portal | 2 | |
| Potion of Healing | 1 | |
3 total
RickyRosay (
green | 46 APM | 1158 actions | 25:05)
5 Mountain King
3 Storm Bolt
2 Bash
2 Paladin
1 Holy Light
1 Divine Shield
» actions
| Assign group hotkey | 25 | |
| Basic commands | 143 | |
| Build / train | 111 | |
| ESC pressed | 6 | |
| Enter build submenu | 25 | |
| Enter hero's abilities submenu | 7 | |
| Right click | 251 | |
| Select / deselect | 246 | |
| Select group hotkey | 256 | |
| Use ability | 88 | |
1158 total
» units
| Peasant | 33 | |
| Footman | 9 | |
| Siege Engine | 7 | |
| Rifleman | 5 | |
| Sorceress | 7 | |
| Priest | 1 | |
62 total
» upgrades
| Masonry | 3 | |
| Backpack | 1 | |
| Lumber Harvesting | 1 | |
| Plating | 1 | |
| Barrage | 1 | |
| Sorceress Training | 2 | |
| Gunpowder | 2 | |
| Armor | 1 | |
| Long Rifles | 1 | |
13 total
» buildings
| Altar of Kings | 1 | |
| Scout Tower | 20 | |
| Farm | 12 | |
| Lumber Mill | 2 | |
| Arcane Tower | 1 | |
| Barracks | 1 | |
| Arcane Vault | 2 | |
| Guard Tower | 6 | |
| Keep | 5 | |
| Blacksmith | 1 | |
| Castle | 2 | |
| Town Hall | 1 | |
| Workshop | 1 | |
| Arcane Sanctum | 1 | |
56 total
» build order
00:14 Altar of Kings
00:17 Scout Tower
00:21 Farm
00:38 Lumber Mill
00:50 Arcane Tower
01:20 Barracks
01:57 Farm
02:25 Scout Tower
02:33 Farm
02:48 Arcane Vault
02:56 Guard Tower
05:09 Farm
05:20 Keep
05:20 Keep
05:21 Keep
07:16 Scout Tower
07:17 Scout Tower
07:18 Scout Tower
07:19 Scout Tower
07:20 Scout Tower
07:21 Scout Tower
07:26 Blacksmith
07:46 Castle
07:56 Guard Tower
08:32 Guard Tower
09:16 Arcane Vault
09:25 Scout Tower
09:26 Scout Tower
09:28 Scout Tower
09:28 Scout Tower
09:42 Town Hall
09:59 Castle
10:05 Lumber Mill
10:33 Farm
10:34 Farm
10:35 Farm
10:39 Guard Tower
11:10 Guard Tower
11:22 Workshop
11:24 Arcane Sanctum
11:34 Guard Tower
12:35 Scout Tower
12:35 Scout Tower
12:36 Scout Tower
12:37 Scout Tower
13:12 Scout Tower
13:13 Scout Tower
13:15 Scout Tower
13:16 Scout Tower
20:26 Farm
20:26 Farm
20:26 Farm
20:27 Farm
20:27 Farm
» items
| Scroll of Regeneration | 4 | |
| Lesser Clarity Potion | 2 | |
| Potion of Healing | 2 | |
| Potion of Mana | 1 | |
| Scroll of Town Portal | 3 | |
| Orb of Fire | 1 | |
13 total
team 2 (winner)

»
chencheng (
yellow | 81 APM | 2650 actions | 32:53)
8 Beastmaster
3 Summon Bear
3 Summon Quilbeast
1 Stampede
1 Summon Hawk
5 Keeper of the Grove
2 Entangling Roots
3 Force of Nature
» actions
| Assign group hotkey | 63 | |
| Basic commands | 89 | |
| Build / train | 97 | |
| Enter build submenu | 19 | |
| Enter hero's abilities submenu | 13 | |
| Give item / drop item | 6 | |
| Right click | 921 | |
| Select / deselect | 512 | |
| Select group hotkey | 834 | |
| Use ability | 95 | |
2650 total
» units
| Wisp | 23 | |
| Huntress | 9 | |
| Hippogryph | 16 | |
| Chimaera | 11 | |
59 total
» upgrades
| Strength of the Wild | 3 | |
| Corrosive Breath | 1 | |
| Reinforced Hides | 3 | |
| Well Spring | 1 | |
| Nature's Blessing | 1 | |
9 total
» buildings
| Moon Well | 8 | |
| Altar of Elders | 1 | |
| Hunter's Hall | 1 | |
| Ancient of War | 1 | |
| Ancient of Wonders | 1 | |
| Ancient Protector | 2 | |
| Tree of Life | 3 | |
| Tree of Ages | 1 | |
| Tree of Eternity | 1 | |
| Ancient of Wind | 2 | |
| Chimaera Roost | 2 | |
23 total
» build order
00:22 Moon Well
00:34 Altar of Elders
01:28 Hunter's Hall
01:50 Moon Well
02:07 Ancient of War
02:30 Ancient of Wonders
02:41 Ancient Protector
02:55 Ancient Protector
03:39 Moon Well
05:12 Tree of Life
06:23 Tree of Ages
06:26 Moon Well
09:00 Tree of Eternity
09:06 Ancient of Wind
09:07 Ancient of Wind
11:06 Moon Well
11:44 Chimaera Roost
11:45 Chimaera Roost
13:25 Moon Well
15:01 Moon Well
15:02 Moon Well
28:23 Tree of Life
31:44 Tree of Life
» items
| Lesser Clarity Potion | 1 | |
| Boots of Speed | 2 | |
| Scroll of Town Portal | 4 | |
| Orb of Venom | 1 | |
| Potion of Healing | 2 | |
| Potion of Lesser Invulnerability | 1 | |
| Scroll of Speed | 1 | |
12 total

»
bannedfromwc3 (
orange | 65 APM | 2142 actions | 32:54)
8 Goblin Tinker
3 Pocket Factory
3 Engineering Upgrade
1 Robo-Goblin
1 Cluster Rockets
» actions
| Assign group hotkey | 161 | |
| Basic commands | 77 | |
| Build / train | 89 | |
| ESC pressed | 8 | |
| Enter build submenu | 34 | |
| Enter hero's abilities submenu | 8 | |
| Give item / drop item | 4 | |
| Right click | 867 | |
| Select / deselect | 282 | |
| Select group hotkey | 488 | |
| Use ability | 124 | |
2142 total
» units
| Peasant | 28 | |
| Footman | 6 | |
| Gryphon Rider | 6 | |
40 total
» upgrades
| Swords | 3 | |
| Armor | 3 | |
| Storm Hammers | 1 | |
| Animal War Training | 1 | |
| Cloud | 1 | |
| Magic Sentry | 1 | |
| Masonry | 2 | |
12 total
» buildings
| Barracks | 1 | |
| Altar of Kings | 1 | |
| Farm | 16 | |
| Town Hall | 1 | |
| Keep | 1 | |
| Blacksmith | 1 | |
| Castle | 1 | |
| Lumber Mill | 1 | |
| Gryphon Aviary | 4 | |
| Arcane Vault | 1 | |
| Arcane Sanctum | 1 | |
| Scout Tower | 26 | |
| Guard Tower | 10 | |
65 total
» build order
00:11 Barracks
00:28 Altar of Kings
00:46 Farm
01:08 Farm
01:42 Farm
02:11 Farm
02:54 Farm
04:50 Town Hall
05:00 Keep
07:12 Blacksmith
07:29 Castle
08:20 Lumber Mill
08:53 Gryphon Aviary
08:56 Gryphon Aviary
08:58 Gryphon Aviary
09:03 Gryphon Aviary
09:05 Farm
09:08 Farm
10:05 Farm
10:05 Farm
10:06 Farm
10:06 Farm
12:51 Arcane Vault
12:53 Arcane Sanctum
15:21 Scout Tower
15:22 Scout Tower
15:22 Scout Tower
15:22 Scout Tower
15:23 Scout Tower
15:23 Scout Tower
15:23 Scout Tower
15:24 Scout Tower
15:24 Scout Tower
15:25 Scout Tower
15:25 Scout Tower
15:26 Scout Tower
15:26 Scout Tower
16:01 Guard Tower
16:02 Guard Tower
16:09 Guard Tower
16:30 Guard Tower
16:38 Guard Tower
16:38 Guard Tower
20:14 Farm
20:14 Farm
20:14 Farm
20:15 Farm
21:17 Scout Tower
21:18 Scout Tower
21:18 Scout Tower
21:19 Scout Tower
21:19 Scout Tower
21:19 Scout Tower
21:20 Scout Tower
21:20 Scout Tower
21:21 Scout Tower
21:21 Scout Tower
21:22 Scout Tower
22:20 Guard Tower
23:07 Guard Tower
» items
| Boots of Speed | 1 | |
| Circlet of Nobility | 1 | |
| Staff of Teleportation | 1 | |
| Dust of Appearance | 1 | |
| Scroll of Town Portal | 6 | |
| Tiny Great Hall | 2 | |
| Scroll of Regeneration | 1 | |
| Staff of Sanctuary | 1 | |
| Potion of Lesser Invulnerability | 1 | |
15 total
borred (
red | 44 APM | 1439 actions | 32:53)
7 Blademaster
3 Wind Walk
3 Critical Strike
1 Bladestorm
» actions
| Basic commands | 51 | |
| Build / train | 84 | |
| Enter build submenu | 120 | |
| Enter hero's abilities submenu | 7 | |
| Give item / drop item | 10 | |
| Remove unit from queue | 7 | |
| Right click | 586 | |
| Select / deselect | 347 | |
| Use ability | 227 | |
1439 total
» units
» upgrades
| Spiked Barricades | 3 | |
| Reinforced Defenses | 1 | |
4 total
» buildings
| Altar of Storms | 1 | |
| Orc Burrow | 4 | |
| Voodoo Lounge | 5 | |
| War Mill | 11 | |
| Watch Tower | 111 | |
| Stronghold | 4 | |
| Fortress | 1 | |
| Great Hall | 1 | |
138 total
» build order
00:06 Altar of Storms
00:10 Orc Burrow
00:52 Voodoo Lounge
01:04 War Mill
02:26 Watch Tower
02:30 Watch Tower
02:35 Watch Tower
04:00 Orc Burrow
04:10 Watch Tower
04:23 Stronghold
04:24 Stronghold
04:24 Stronghold
05:56 War Mill
07:08 Fortress
07:13 Watch Tower
07:14 Watch Tower
07:15 Watch Tower
07:15 Watch Tower
08:53 Watch Tower
08:53 Watch Tower
08:59 Watch Tower
09:01 Watch Tower
10:13 War Mill
10:25 War Mill
10:29 Watch Tower
10:31 Watch Tower
11:59 Watch Tower
12:00 Watch Tower
12:03 Watch Tower
12:05 Watch Tower
12:07 Watch Tower
12:48 Watch Tower
12:49 Watch Tower
12:52 Watch Tower
12:53 Watch Tower
12:55 Watch Tower
13:44 Watch Tower
13:45 Watch Tower
13:47 Watch Tower
13:48 Watch Tower
14:25 Orc Burrow
14:54 Watch Tower
14:58 Watch Tower
15:01 Watch Tower
15:05 Watch Tower
15:10 Watch Tower
15:17 Watch Tower
15:18 Watch Tower
15:23 Watch Tower
15:59 Watch Tower
17:20 Watch Tower
17:20 Watch Tower
17:22 Watch Tower
17:23 Watch Tower
18:01 Watch Tower
18:03 Watch Tower
18:03 Watch Tower
18:04 Watch Tower
18:21 Watch Tower
18:21 Watch Tower
18:23 Watch Tower
18:24 Watch Tower
19:36 Voodoo Lounge
19:37 Voodoo Lounge
19:44 Watch Tower
19:45 Watch Tower
19:47 Watch Tower
19:47 Watch Tower
19:49 Voodoo Lounge
20:02 Watch Tower
20:03 Watch Tower
20:03 Watch Tower
20:05 Watch Tower
20:05 Watch Tower
20:07 War Mill
21:20 Watch Tower
21:21 Watch Tower
21:24 Watch Tower
21:24 Watch Tower
21:25 Watch Tower
21:47 Watch Tower
21:48 Watch Tower
21:50 Watch Tower
22:04 War Mill
22:06 War Mill
22:15 Voodoo Lounge
22:23 Watch Tower
22:24 Watch Tower
22:28 War Mill
22:44 War Mill
22:51 Watch Tower
23:10 Orc Burrow
23:38 Watch Tower
23:42 Watch Tower
23:58 Watch Tower
26:54 Watch Tower
27:15 Watch Tower
27:17 Watch Tower
27:18 Watch Tower
27:19 Watch Tower
27:20 Watch Tower
27:21 Watch Tower
27:22 Watch Tower
27:23 Watch Tower
27:24 Watch Tower
27:34 Watch Tower
27:35 Watch Tower
27:36 Watch Tower
27:36 Watch Tower
28:10 Watch Tower
28:11 Watch Tower
28:12 Watch Tower
28:13 Watch Tower
28:14 Watch Tower
28:15 Watch Tower
28:16 Watch Tower
28:17 Watch Tower
28:47 Watch Tower
28:48 Watch Tower
28:48 Watch Tower
28:52 Watch Tower
28:53 Watch Tower
28:54 Watch Tower
28:55 Watch Tower
28:59 Watch Tower
29:00 Watch Tower
29:01 Watch Tower
29:14 Great Hall
29:16 Watch Tower
29:18 Watch Tower
29:20 Watch Tower
29:23 Watch Tower
29:39 Watch Tower
29:59 War Mill
30:11 War Mill
30:20 Watch Tower
30:22 Watch Tower
» items
| Healing Salve | 6 | |
| Lesser Clarity Potion | 8 | |
| Circlet of Nobility | 2 | |
| Periapt of Vitality | 1 | |
| Boots of Speed | 2 | |
| Orb of Lightning | 2 | |
| Potion of Healing | 2 | |
| Potion of Mana | 4 | |
27 total

»
DlCKmyBuTT (
pink | 92 APM | 3011 actions | 32:53)
8 Archmage
3 Summon Water Elemental
3 Brilliance Aura
1 Blizzard
1 Mass Teleport
5 Mountain King
3 Storm Bolt
2 Thunder Clap
5 Paladin
3 Holy Light
2 Divine Shield
» actions
| Assign group hotkey | 40 | |
| Basic commands | 61 | |
| Build / train | 158 | |
| ESC pressed | 5 | |
| Enter build submenu | 46 | |
| Enter hero's abilities submenu | 18 | |
| Give item / drop item | 3 | |
| Right click | 1418 | |
| Select / deselect | 513 | |
| Select group hotkey | 438 | |
| Use ability | 311 | |
3011 total
» units
| Peasant | 37 | |
| Footman | 5 | |
| Sorceress | 1 | |
43 total
» upgrades
| Masonry | 3 | |
| Lumber Harvesting | 2 | |
| Magic Sentry | 1 | |
| Gunpowder | 3 | |
| Plating | 3 | |
| Flak Cannons | 1 | |
| Sorceress Training | 1 | |
| Barrage | 1 | |
15 total
» buildings
| Altar of Kings | 1 | |
| Barracks | 1 | |
| Farm | 10 | |
| Town Hall | 5 | |
| Lumber Mill | 1 | |
| Scout Tower | 107 | |
| Arcane Tower | 6 | |
| Keep | 3 | |
| Guard Tower | 41 | |
| Blacksmith | 1 | |
| Castle | 2 | |
| Gryphon Aviary | 1 | |
| Arcane Sanctum | 1 | |
| Workshop | 3 | |
183 total
» build order
00:07 Altar of Kings
00:19 Barracks
00:28 Farm
00:52 Farm
01:25 Farm
03:22 Town Hall
03:59 Lumber Mill
04:21 Scout Tower
04:39 Farm
04:49 Scout Tower
04:57 Arcane Tower
04:57 Arcane Tower
05:18 Scout Tower
05:19 Scout Tower
05:23 Farm
05:43 Keep
05:44 Keep
05:55 Guard Tower
07:03 Guard Tower
07:03 Scout Tower
07:04 Scout Tower
07:04 Scout Tower
07:14 Scout Tower
07:15 Scout Tower
07:15 Scout Tower
07:17 Scout Tower
07:18 Scout Tower
07:19 Scout Tower
07:19 Scout Tower
07:21 Scout Tower
07:21 Scout Tower
07:22 Scout Tower
07:23 Scout Tower
07:23 Scout Tower
07:24 Scout Tower
08:00 Blacksmith
08:10 Castle
08:12 Gryphon Aviary
08:14 Farm
08:15 Farm
08:15 Farm
08:16 Farm
08:16 Farm
08:26 Guard Tower
08:28 Guard Tower
08:28 Guard Tower
08:28 Guard Tower
09:24 Scout Tower
09:24 Scout Tower
09:25 Scout Tower
09:25 Scout Tower
09:26 Scout Tower
09:26 Scout Tower
09:26 Scout Tower
09:27 Scout Tower
09:28 Scout Tower
09:28 Scout Tower
09:28 Scout Tower
09:29 Scout Tower
09:29 Scout Tower
09:29 Scout Tower
09:30 Scout Tower
09:30 Scout Tower
09:31 Scout Tower
09:32 Scout Tower
10:07 Scout Tower
10:07 Scout Tower
10:08 Scout Tower
10:11 Arcane Tower
10:12 Arcane Tower
10:12 Guard Tower
10:13 Guard Tower
10:22 Town Hall
10:41 Guard Tower
10:49 Guard Tower
10:51 Scout Tower
10:51 Scout Tower
10:53 Scout Tower
10:54 Scout Tower
11:10 Guard Tower
11:10 Guard Tower
11:39 Guard Tower
11:40 Guard Tower
11:53 Town Hall
12:02 Guard Tower
12:41 Guard Tower
12:52 Arcane Sanctum
13:19 Scout Tower
13:20 Scout Tower
13:21 Scout Tower
13:21 Scout Tower
13:22 Scout Tower
13:22 Scout Tower
13:23 Scout Tower
13:23 Scout Tower
13:23 Scout Tower
13:23 Scout Tower
13:24 Scout Tower
13:24 Scout Tower
13:25 Scout Tower
13:27 Scout Tower
13:27 Scout Tower
13:27 Scout Tower
13:28 Scout Tower
13:28 Scout Tower
13:28 Scout Tower
13:28 Scout Tower
13:29 Scout Tower
13:29 Scout Tower
13:29 Scout Tower
13:30 Scout Tower
13:30 Scout Tower
13:50 Arcane Tower
13:50 Arcane Tower
14:06 Guard Tower
14:11 Scout Tower
14:11 Scout Tower
14:11 Scout Tower
14:19 Guard Tower
14:51 Guard Tower
15:15 Town Hall
15:16 Guard Tower
15:19 Scout Tower
15:20 Scout Tower
15:20 Scout Tower
15:21 Scout Tower
15:23 Scout Tower
15:24 Scout Tower
15:46 Guard Tower
15:55 Guard Tower
16:15 Guard Tower
16:18 Scout Tower
16:20 Scout Tower
16:21 Scout Tower
16:22 Scout Tower
16:22 Scout Tower
16:23 Scout Tower
16:24 Scout Tower
16:25 Scout Tower
16:25 Scout Tower
16:28 Scout Tower
16:30 Scout Tower
16:30 Scout Tower
17:50 Guard Tower
18:15 Workshop
18:16 Workshop
18:40 Guard Tower
18:50 Guard Tower
18:55 Scout Tower
18:56 Scout Tower
18:57 Scout Tower
18:57 Scout Tower
18:57 Scout Tower
18:58 Guard Tower
19:31 Guard Tower
20:19 Guard Tower
20:38 Guard Tower
21:15 Guard Tower
21:41 Guard Tower
22:04 Workshop
26:14 Guard Tower
29:42 Town Hall
» items
| Scroll of Town Portal | 3 | |
| Healing Salve | 1 | |
| Orb of Lightning | 1 | |
| Boots of Speed | 3 | |
| Periapt of Vitality | 3 | |
| Circlet of Nobility | 2 | |
| Tome of Retraining | 1 | |
| Potion of Invisibility | 1 | |
15 total
Chat log
(02:01 / Allies) chencheng: ?
(03:26 / Allies) borred: pink
(03:27 / Allies) borred: trade me?
(03:36 / Allies) borred: hp for mana?
(03:46 / Allies) borred: thx
(05:21 / Allies) borred: coming oj
(08:53 / All) bannedfromwc3: Faggot
(08:55 / All) DlCKmyBuTT: whoa whoa no swearing
(09:34 / Allies) DlCKmyBuTT: \lumb anyone?
(09:44 / Allies) DlCKmyBuTT: trying to secure an expo here
(09:45 / Allies) DlCKmyBuTT: need lumb bad
(09:55 / Allies) DlCKmyBuTT: ty
(12:11 / Allies) DlCKmyBuTT: if anyone has lumb imma try to secure one of their expos
(13:37 / Allies) bannedfromwc3: TP
(13:38 / Allies) bannedfromwc3: SAVE ME
(13:46 / Allies) bannedfromwc3: TP
(15:42 / All) bannedfromwc3: WAT THE HELL UNTIS DID YOU NOOBS MAKE
(15:46 / Allies) bannedfromwc3: THAT WE ARE ACTUALLY LSOING THIS
(18:10 / Allies) bannedfromwc3: DICK in my butt i like your style
(19:06 / Allies) DlCKmyBuTT: any sparre lumb is great
(19:19 / Allies) borred: spare gold would be breat
(19:20 / Allies) borred: great
(19:31 / Allies) borred: thx
(21:08 / All) borred: god
(21:16 / All) borred: my life expectancy is like 20 seconds
(21:40 / Allies) bannedfromwc3: did u guys plan this?
(21:48 / Allies) DlCKmyBuTT: plan what
(21:51 / Allies) bannedfromwc3: the towers
(21:56 / Allies) DlCKmyBuTT: no i just fucking love towerse
(22:05 / Allies) bannedfromwc3: i would have towered if i knew you guys wer egoing to
(22:09 / Allies) bannedfromwc3: i towered chokes last game on full scale assault
(22:18 / Allies) DlCKmyBuTT: i once made
(22:22 / Allies) DlCKmyBuTT: 400 towers on fuoll scale assault
(22:23 / Allies) DlCKmyBuTT: not exaggerating
(22:25 / Allies) DlCKmyBuTT: 200 towers at each
(22:41 / Allies) bannedfromwc3: i have rigged that map with my brother
(22:44 / Allies) bannedfromwc3: and we weree split teams
(22:47 / Allies) bannedfromwc3: and towered all chokes
(22:50 / Allies) bannedfromwc3: the game went on forever
(25:12 / Allies) bannedfromwc3: lol
(25:13 / All) DlCKmyBuTT: newb raped
(25:15 / All) DlCKmyBuTT: 0 units but towers
(25:16 / All) DlCKmyBuTT: homes
(29:32 / Allies) borred: nice
(29:34 / Allies) borred: 20k gold
(29:48 / Allies) DlCKmyBuTT: once had 60kg in an ffa
(30:08 / Allies) borred: thats a lot of money
(30:31 / All) bannedfromwc3: if you kill the dh he will leave
(30:53 / All) FraGmE: naw reading a book
(30:58 / All) DlCKmyBuTT: what book
(31:26 / All) bannedfromwc3: mission accomplished
(31:50 / All) bannedfromwc3: hes reading the wc3 user manual
(31:54 / All) bannedfromwc3: staring at DH's abs
(31:55 / All) DlCKmyBuTT: in it
(32:00 / All) DlCKmyBuTT: says chims can attack air.
(32:07 / All) bannedfromwc3: does it?
(32:09 / All) bannedfromwc3: lol
(32:12 / All) FraGmE: u gay orange..its ok dude. its 2011
(32:26 / All) DlCKmyBuTT: im gay too :)
(32:29 / All) bannedfromwc3: says the guy namned "frag me"
(32:36 / All) FraGmE: shouldnt that be dickinmybutt
(32:46 / All) bannedfromwc3: frag some dick in my butt